 Dungeon Sprint DCSS version 0.21.1-1-g345015f (webtiles) character file.

74 doot the Basher (level 7, 0/50 HPs)
             Began as a Gargoyle Fighter on Apr 28, 2018.
             Was a Believer of Okawaru.
             Slain by a spiny frog (6 damage)
             ... in the Dungeon (Sprint VI: "Thunderdome").
             The game lasted 00:06:12 (558 turns).

doot the Basher (Gargoyle Fighter)                   Turns: 558, Time: 00:06:12

Health: 0/50       AC: 18    Str: 28    XL:     7   Next: 58%
Magic:  7/7        EV:  7    Int: 14    God:    Okawaru [**....]
Gold:   175        SH: 12    Dex:  9    Spells: 6/6 levels left

rFire    . . .     SeeInvis +   a - +0 flail
rCold    + . .     Gourm    .   c - +0 shield
rNeg     + . .     Faith    .   j - +0 plate armour
rPois    ∞         Spirit   .   (no helmet)
rElec    +         Reflect  .   (no cloak)
rCorr    .         Harm     .   (no gloves)
MR       .....     NoTele   +   (no boots)
Stlth    ..........             r - amulet "Limeck" {Regen+ Int+4}
HPRegen  0.56/turn              p - ring "Tesch" {rC+ Str+2}
MPRegen  0.10/turn              q - ring "Jefer" {Str+4 Int+2 SInv}

@: no status effects
A: negative energy resistance 1, electricity resistance, unbreathing,
petrification resistance, rot immunity, AC +4
a: Heroism, Renounce Religion


You were in the Dungeon.
You worshipped Okawaru.
Okawaru was pleased with you.
You were not hungry.

You visited 1 branch You collected 310 gold pieces.
You spent 135 gold pieces at shops.

Inventory:

Hand Weapons
 a - a +0 flail (weapon)
 t - a +0 mace
Armour
 b - a +0 scale mail
 c - a +0 shield (worn)
 j - a +0 plate armour (worn)
 u - a +0 chain mail
Jewellery
 p - the ring "Tesch" (left hand) {rC+ Str+2}
   (You bought it in a shop in the Dungeon)

   [ring of protection from cold]

   It affects your strength (+2).
   It protects you from cold.
 q - the ring "Jefer" (right hand) {Str+4 Int+2 SInv}
   (You bought it in a shop in the Dungeon)

   [ring of intelligence]

   It affects your strength (+4).
   It affects your intelligence (+2).
   It lets you see invisible.
 r - the amulet "Limeck" (around neck) {Regen+ Int+4}
   (You bought it in a shop in the Dungeon)

   [amulet of regeneration]

   It affects your intelligence (+4).
   It increases your rate of regeneration.
Wands
 l - a wand of acid (5)
 m - a wand of iceblast (5)
Scrolls
 k - 4 scrolls of blinking
 n - 3 scrolls of fog
Potions
 d - a potion of might
 e - 2 potions of curing
 g - 4 potions of heal wounds
 h - 4 potions of haste
 i - 2 potions of magic
 o - a potion of resistance
Comestibles
 f - a ration
 s - 4 chunks of flesh


   Skills:
 + Level 8.4 Fighting
 + Level 9.7 Maces & Flails
 + Level 7.9 Armour
 + Level 2.9 Dodging
 + Level 9.2 Shields


You had 6 spell levels left.
You didn't know any spells.

Dungeon Overview and Level Annotations

Branches:
Dungeon (1/1)

Altars:
Cheibriados
Dithmenos
Fedhas
Gozag
Kikubaaqudgha
Makhleb
Okawaru
Qazlal
Ru
Sif Muna
Trog
Uskayaw
Vehumet
Wu Jian
Xom
Yredelemnul
Zin
The Shining One
Beogh
Jiyva
Lugonu

Shops:
D *[%??*?*:[((!!!!


Innate Abilities, Weirdness & Mutations

You are resistant to torment.
Your stone body is resilient. (AC +4)
You are immune to poison.
You resist negative energy. (rN+)
You are resistant to electric shocks. (rElec)
You can survive without breathing.
You are immune to petrification.
You are immune to rotting.


Message History

The spiny frog is heavily wounded.
The spiny frog stings you!
* * * LOW HITPOINT WARNING * * *
A bullfrog comes into view.
The bullfrog croaks.
You hit the spiny frog.
The spiny frog is heavily wounded.
You block the spiny frog's attack.
Your plate armour prevents you from hitting the spiny frog.
The spiny frog is heavily wounded.
The spiny frog stings you but does no damage.
You sock the spiny frog!
The spiny frog is almost dead. 20...
The spiny frog stings you but does no damage.
You hit the spiny frog.
The spiny frog is almost dead.
You block the spiny frog's attack. The bullfrog closely misses you.
The spiny frog stings you.
You die...

#⌠...........⌠#
######.8.........8.#####
##∩___......###......___∩
###∩......).8.# #.8........
##.......).....###...[......
#⌠..........###...###.......
#⌠..........# #.<.# #.).....
#⌠.........F###...###......[
##......)..@F.†###..........
###∩........8.# #.8........
##∩___......###......__.∩
######[8.........8.#####
#⌠(..........⌠#
###(.......[### #_....†.._#
#_......[_# #_......._#


You could see a spiny frog and a bullfrog.

Vanquished Creatures
  2 orc warriors (D)
  4 bullfrogs (D)
  A scorpion (D)
  An orc priest (D)
  2 orc wizards (D)
  Jessica (D)
  Terence (D)
  A worker ant (D)
  2 adders (D)
  A worm (D)
  2 orcs (D)
  2 hobgoblins (D)
  A leopard gecko skeleton (D)
21 creatures vanquished.

Notes
Turn   | Place    | Note
-------+----------+-------------------------------------------
     0 | D        | doot the Gargoyle Fighter began the quest for the Orb.
     0 | D        | Reached XP level 1. HP: 14/14 MP: 1/1
     1 | D        | Found a shimmering altar of Xom.
     2 | D        | Found a radiant altar of Vehumet.
     2 | D        | Found a basalt altar of Yredelemnul.
     3 | D        | Found a glowing golden altar of the Shining One.
     4 | D        | Found a hide-covered altar of Uskayaw.
     4 | D        | Found a deep blue altar of Sif Muna.
     4 | D        | Found Umnumom's Staff Store.
     4 | D        | Found Ponang's Magic Scroll Shop.
     5 | D        | Found Vughejan's Must-Have Magic.
     5 | D        | Found Pulil's Magic Scroll Shop.
     5 | D        | Round 1.
     7 | D        | Found a viscous altar of Jiyva.
     8 | D        | Found a bloodstained altar of Trog.
     9 | D        | Found a sacrificial altar of Ru.
    10 | D        | Found Vaic's Delicious Food.
    10 | D        | Found a shadowy altar of Dithmenos.
    10 | D        | Found a snail-covered altar of Cheibriados.
    10 | D        | Found an ancient bone altar of Kikubaaqudgha.
    10 | D        | Found Ycsured's Identification Station.
    11 | D        | Found Itwog's Jewellery.
    11 | D        | Found Dimupob's Advanced Armour.
    14 | D        | Found a blossoming altar of Fedhas.
    15 | D        | Found a corrupted altar of Lugonu.
    16 | D        | Found an iron altar of Okawaru.
    18 | D        | Noticed Jessica
    18 | D        | Found an opulent altar of Gozag.
    18 | D        | Found a burning altar of Makhleb.
    18 | D        | Found a roughly hewn altar of Beogh.
    18 | D        | Found Lieklisi's Premium Goods.
    18 | D        | Found Xumibbuumu's Weapon Rack.
    19 | D        | Found Intaum's Miscellaneous Merchandise.
    19 | D        | Found Leson's Basic Armour.
    28 | D        | Became a worshipper of Warmaster Okawaru
    38 | D        | Killed Jessica
    38 | D        | Reached XP level 2. HP: 18/20 MP: 2/2
    38 | D        | Reached XP level 3. HP: 22/25 MP: 3/3
    44 | D        | Found an ornate altar of the Wu Jian Council.
    45 | D        | Found a stormy altar of Qazlal.
    47 | D        | Found Xoqyz's Do-It-Yourself Clinic.
    48 | D        | Found Fiprughe's Bottled Wisdom.
    48 | D        | Found Rilirhot's Distillery.
    48 | D        | Found a glowing silver altar of Zin.
    48 | D        | Found Umpaep's Distillery.
    75 | D        | Noticed a scorpion
    90 | D        | Killed a scorpion
    90 | D        | Reached * piety under Okawaru
    90 | D        | Reached skill level 5 in Fighting
    90 | D        | Reached skill level 5 in Armour
    90 | D        | Reached skill level 5 in Shields
    90 | D        | Reached XP level 4. HP: 23/32 MP: 4/4
   106 | D        | Bought a slimy steel ring for 45 gold pieces
   106 | D        | Bought a scorched silver ring for 45 gold pieces
   106 | D        | Bought a slimy copper amulet for 45 gold pieces
   106 | D        | Identified the ring "Tesch" {rC+ Str+2} (You bought it in a shop in the Dungeon)
   107 | D        | Identified the ring "Jefer" {Str+4 Int+2 SInv} (You bought it in a shop in the Dungeon)
   108 | D        | Identified the amulet "Limeck" {Regen+ Int+4} (You bought it in a shop in the Dungeon)
   150 | D        | Arena points: 14 (+14) [x2]
   204 | D        | Round 2.
   222 | D        | Reached XP level 5. HP: 34/37 MP: 5/5
   330 | D        | Noticed Terence
   339 | D        | Killed Terence
   339 | D        | Reached skill level 5 in Maces & Flails
   339 | D        | Reached skill level 1 in Dodging
   346 | D        | Arena points: 56 (+42) [x3]
   406 | D        | Round 3.
   440 | D        | Reached XP level 6. HP: 44/44 MP: 6/6
   443 | D        | Noticed an orc warrior
   460 | D        | Noticed an orc warrior
   469 | D        | Killed an orc warrior
   471 | D        | HP: 1/66 [orc warrior/battleaxe (12)]
   478 | D        | Killed an orc warrior
   502 | D        | Arena points: 74 (+18) [x1]
   512 | D        | Round 4.
   519 | D        | Reached ** piety under Okawaru
   519 | D        | Reached XP level 7. HP: 37/49 MP: 7/7
   547 | D        | Noticed a spiny frog
   558 | D        | Slain by a spiny frog

Skill      XL: |  1  2  3  4  5  6  7 |
---------------+----------------------+-----
Fighting       | 4 5 6 7 8 |  8.4
Armour         | 4 5 6 7 |  7.9
Shields        | 4 5 6 7 8 9 |  9.2
Maces & Flails | 3 4 6 8 9 |  9.7
Dodging        | 1 2 |  2.9

Action                   |  1- 3 |  4- 6 |  7- 9 || total
-------------------------+-------+-------+-------++-------
Melee: Flail             |    19 |    85 |    24 ||   128
  Use: Potion            |       |     1 |       ||     1
Armor: Scale mail        |    10 |    10 |       ||    20
       Chain mail        |       |    18 |       ||    18
       Plate armour      |       |     4 |    10 ||    14
Dodge: Dodged            |     8 |    18 |     5 ||    31
Block: Shield            |     7 |    40 |    10 ||    57
